 Dungeon Crawl Stone Soup version 0.31.0-4-g52a2dc7128 (webtiles) character file.

Game seed: 5881886993481985648

89 Selrock the Trooper (level 4, -13/29 HPs)
             Began as a Gargoyle Monk on Jan 22, 2024.
             Mangled by a small abomination (16 damage)
             ... on level 1 of the Abyss.
             The game lasted 00:04:35 (1472 turns).

Selrock the Trooper (Gargoyle Monk)                 Turns: 1472, Time: 00:04:35

Health: -13/29     AC:  5    Str: 22    XL:     4   Next: 55%
Magic:  4/4        EV: 12    Int: 11    God:
Gold:   81         SH:  0    Dex: 12    Spells: 3/3 levels left

rFire   . . .        a - +0 mace
rCold   . . .        d - orb {light}
rNeg    + . .        b - +0 robe
rPois   ∞            (no helmet)
rElec   +            (no cloak)
rCorr   .            (no gloves)
SInv    .            (no boots)
Will    .....        (no amulet)
Stlth   +            g - +6 ring of strength
HPRegen 0.24/turn    (no ring)
MPRegen 0.09/turn

%: no passive effects
@: glowing
A: sickness immunity, AC +3, negative energy resistance 1, electricity
resistance, torment resistance 1, petrification resistance
a: no special abilities


You were on level 1 of the Abyss.
You visited 1 branch of the dungeon, and saw 3 of its levels.
You visited the Abyss 1 time.

You collected 81 gold pieces.

Inventory:

Hand Weapons
 a - a +0 mace (weapon)
Armour
 b - a +0 robe (worn)
 d - an orb of light (worn)
Jewellery
 g - a +6 ring of strength (left hand)
 i - an amulet of guardian spirit
Talismans
 f - a beast talisman
Wands
 m - a wand of flame (4)
Scrolls
 j - a scroll of amnesia {unknown}
 n - a scroll of teleportation {unknown}
 o - a scroll of fog {unknown}
 p - a scroll of poison {unknown}
Potions
 c - a potion of ambrosia
 e - a potion of enlightenment {unknown}
 h - a potion of lignification {unknown}
 k - 2 potions of curing {unknown}
 l - a potion of might {unknown}


   Skills:
 + Level 4.2 Fighting
 + Level 3.8 Maces & Flails
 + Level 3.1 Dodging


You had 3 spell levels left.
You didn't know any spells.
Your spell library was empty.

Dungeon Overview and Level Annotations

Branches:
Dungeon (3/15)

Altars:
Ru

Shops:
D:2 =


Innate Abilities, Weirdness & Mutations

You are immune to sickness and miasma.
Your stone body is resilient. (AC +3)
You are immune to poison.
You resist negative energy. (rN+)
You are resistant to electric shocks. (rElec)
You are resistant to unholy torment.
You are immune to petrification.


Message History

You kill the frilled lizard!
You see here a frilled lizard corpse.
You start resting.
HP restored.
There is a stone staircase leading down here.
You climb downwards.
The gnoll hits you with a +1 whip of distortion.
Space warps horribly around you!
Ouch! That really hurt!
The gnoll barely misses you.
The kobold throws a stone.
The stone closely misses you.
The stone barely misses the gnoll.
There is a stone staircase leading up here.
The gnoll closely misses you. The gnoll hits you with a +0 club.
You climb upwards.
There is a stone staircase leading down here.
You completely miss the gnoll. The gnoll closely misses you.
The gnoll completely misses you. The gnoll closely misses you.
The gnoll hits you with a +0 club.
* * * LOW HITPOINT WARNING * * *
You hit the gnoll.
The gnoll is lightly wounded.
The gnoll hits you with a +1 whip of distortion.
* * * LOW HITPOINT WARNING * * *
You are cast into the Abyss!
This branch contains the abyssal rune of Zot.
An ancient zyme comes into view.
A white imp comes into view.
A small abomination comes into view.
The small abomination attacks as it pursues you!
The small abomination misses you.
The small abomination attacks as it pursues you!
The small abomination hits you but does no damage.
The small abomination hits you!
Ouch! That really hurt!
* * * LOW HITPOINT WARNING * * *
A large abomination comes into view.
The small abomination attacks as it pursues you!
The small abomination hits you!
Ouch! That really hurt!
You die...

## ##.. ##.
.#.. #..
....
###.###..#
##........#
# . #@#....#
. #X...#x.#
.# ##.#.#.##
.. ##..#..#
.##
.#...###...#
.##.#....#
#.#.#.#.###
.#.##..#.#
#.#.#. .#


You could see a large abomination and a small abomination.

Vanquished Creatures
  2 adders (D:2)
  2 gnolls (D:3)
  3 dart slugs
  3 ribbon worms (D:2)
  3 endoplasms
  3 giant cockroaches (D:1)
  5 goblins
  A hobgoblin (D:1)
  3 jackals (D:1)
  2 quokkas
  2 ball pythons (D:2)
  A bat (D:1)
  4 frilled lizards
  5 kobolds
  3 rats
42 creatures vanquished.

Notes
Turn   | Place    | Note
-------+----------+-------------------------------------------
     0 | D:1      | Selrock the Gargoyle Monk began the quest for the Orb.
     0 | D:1      | Reached XP level 1. HP: 14/14 MP: 1/1
    75 | D:1      | Reached XP level 2. HP: 18/19 MP: 2/2
   419 | D:1      | Reached XP level 3. HP: 24/24 MP: 3/3
   674 | D:2      | Found a sacrificial altar of Ru.
   751 | D:2      | Found Ygarchec's Jewellery Shop.
   829 | D:2      | Identified the +3 war axe of Werphuty {drain, Int+6 SInv}
   852 | D:2      | Reached skill level 4 in Fighting
   959 | D:2      | Reached XP level 4. HP: 27/29 MP: 4/4
  1406 | Abyss:1  | Cast into level 1 of the Abyss (gnoll)
  1407 | Abyss:1  | Noticed an ancient zyme
  1455 | Abyss:1  | Noticed a small abomination
  1472 | Abyss:1  | Noticed a large abomination
  1472 | Abyss:1  | Mangled by a small abomination

Illustrated notes

Levels and vault maps discovered:
D:1:      tarquinn_simple_flora_water_b, layout_basic
D:2:      layout_basic, basic_altar, serial_shops, shop
D:3:      layout_loops_cross, minmay_bisected
Abyss:1:  base: D:1, minivault_19

Skill      XL: |  1  2  3 |
---------------+----------+-----
Fighting       | 4 |  4.2
Dodging        | 3 |  3.1
Maces & Flails | |  3.8

Action                     |  1- 3 |  4- 6 || total
---------------------------+-------+-------++-------
  Melee: Mace              |    92 |    32 ||   124
 Armour: Robe              |    69 |    28 ||    97
  Dodge: Dodged            |    85 |    34 ||   119
